 Dungeon Sprint DCSS version 0.20.0-15-g7f486f2 (webtiles) character file.

119 Groucho the Carver (level 5, -3/49 HPs)
             Began as a Naga Fighter on June 23, 2017.
             Was an Initiate of Cheibriados.
             Slain by a two-headed ogre
             ... wielding a +0 dire flail
              (24 damage)
             ... in the Dungeon (Sprint IX: "|||||||||||||||||||||||||||||").
             The game lasted 00:01:39 (647 turns).

Groucho the Carver (Naga Fighter)                    Turns: 647, Time: 00:01:40

Health: -3/49      AC:  7    Str: 19    XL:     5   Next: 3%
Magic:  5/5        EV:  6    Int: 13    God:    Cheibriados [......]
Gold:   0          SH:  9    Dex: 15    Spells: 4/4 levels left

rFire    . . .     SeeInvis +   o - +2 scimitar (holy)
rCold    . . .     Gourm    .   c - +0 shield
rNeg     . . .     Faith    .   p - +2 ring mail
rPois    +         Spirit   .   (no helmet)
rElec    .         Reflect  .   (no cloak)
rCorr    .         Harm     .   a - +0 pair of gloves
MR       .....     NoTele   +   (no barding)
Stlth    +.........             (no amulet)
Regen    0.2/turn               q - +3 ring of intelligence
MPRegen  0.1/turn               r - +3 ring of dexterity

@: very slightly contaminated, invisible, very slow
A: see invisible, deformed body, poison resistance, slowness 2, slow metabolism
1, spit poison 1, AC +1
a: Spit Poison, Bend Time, Renounce Religion


You were in the Dungeon.
You worshipped Cheibriados.
Cheibriados was noncommittal.
You were not hungry.

You visited 1 branch

Inventory:

Hand Weapons
 n - the +12 glaive of Prune {chop}
   (You found it in the Dungeon)

   It inflicts extra damage upon your enemies.
 o - a +2 scimitar of holy wrath (weapon)
Armour
 a - a +0 pair of gloves (worn)
 b - a +0 scale mail
 c - a +0 shield (worn)
 p - a +2 ring mail (worn)
Jewellery
 q - a +3 ring of intelligence (left hand)
 r - a +3 ring of dexterity (right hand)
Wands
 m - a wand of lightning (7/15)
Scrolls
 j - 3 scrolls of remove curse
 k - 2 scrolls of blinking
 l - 2 scrolls of amnesia
Potions
 d - a potion of might
 g - 2 potions of heal wounds
 h - 4 potions of curing
 i - 4 potions of magic
Comestibles
 f - a bread ration


   Skills:
 - Level 3.0 Fighting
 + Level 9.6 Long Blades
 - Level 2.4 Armour
 - Level 2.4 Shields


You had 4 spell levels left.
You didn't know any spells.

Dungeon Overview and Level Annotations

Branches:
Dungeon (1/1)

Altars:
Cheibriados
Dithmenos
Elyvilon
Fedhas
Gozag
Hepliaklqana
Kikubaaqudgha
Makhleb
Nemelex Xobeh
Okawaru
Qazlal
Ru
Sif Muna
Trog
Uskayaw
Vehumet
Xom
Yredelemnul
Zin
The Shining One
Beogh
Jiyva
Lugonu


Innate Abilities, Weirdness & Mutations

You cannot wear boots.
Your serpentine skin is tough. (AC +1)
You have supernaturally acute eyesight. (SInv)
Armour fits poorly on your strangely shaped body.
Your system is resistant to poisons. (rPois)
You cover ground very slowly.
You have a slow metabolism.
You can spit poison.


Message History

The two-headed ogre hits you but does no damage.
You block the two-headed ogre's attack.
You hit the two-headed ogre.
The two-headed ogre is lightly wounded.
You slash the two-headed ogre!
The two-headed ogre is moderately wounded.
You block the two-headed ogre's attack.
The two-headed ogre hits you with a giant spiked club!!
Ouch! That really hurt!
You feel much better.
The two-headed ogre hits you with a dire flail.
The two-headed ogre hits you with a giant spiked club!
You fade into invisibility!
The two-headed ogre hits you with a dire flail!
The two-headed ogre hits you with a giant spiked club.
You are very lightly contaminated with residual magic.
You hit the two-headed ogre.
The two-headed ogre is moderately wounded.
The two-headed ogre hits you with a dire flail!!
You die... ▓▓▓▓▓▓▓▓▓▓▓▓▓▓▓▓▓▓▓▓▓▓▓▓ __.____'..|)[...@OxohYa. ▓▓▓▓▓▓▓▓▓▓▓▓▓▓▓▓▓▓▓▓▓▓▓▓

You could see a two-headed ogre, an unseen horror (invisible), an orc warrior, a black bear, an ice beast and a worker ant.

Vanquished Creatures
  2 crimson imps (D)
  A jelly (D)
  A gnoll (D)
  An orc (D)
  A giant cockroach (D)
  A hobgoblin (D)
  A jackal (D)
  A kobold (D)
  A rat (D)
10 creatures vanquished.

Vanquished Creatures (others)
  A spatial maelstrom (D)
1 creature vanquished.

Grand Total: 11 creatures vanquished

Notes
Turn   | Place    | Note
-------+----------+-------------------------------------------
     0 | D        | Groucho the Naga Fighter began the quest for the Orb.
     0 | D        | Reached XP level 1. HP: 21/21 MP: 1/1
    11 | D        | Reached skill level 3 in Long Blades
    14 | D        | Banished a spatial maelstrom
    20 | D        | Reached skill level 4 in Long Blades
   198 | D        | Noticed a crimson imp
   198 | D        | Noticed a crimson imp
   198 | D        | Noticed a jelly
   210 | D        | Killed a crimson imp
   210 | D        | Reached skill level 6 in Long Blades
   210 | D        | Reached XP level 2. HP: 12/28 MP: 2/2
   210 | D        | Reached XP level 3. HP: 15/34 MP: 3/3
   213 | D        | Reached skill level 7 in Long Blades
   217 | D        | Reached skill level 8 in Long Blades
   217 | D        | Reached XP level 4. HP: 17/42 MP: 4/4
   242 | D        | Reached skill level 9 in Long Blades
   242 | D        | Reached XP level 5. HP: 25/49 MP: 5/5
   576 | D        | Found a roughly hewn altar of Beogh.
   576 | D        | Found a snail-covered altar of Cheibriados.
   576 | D        | Found a shadowy altar of Dithmenos.
   576 | D        | Found a white marble altar of Elyvilon.
   576 | D        | Found a blossoming altar of Fedhas.
   576 | D        | Found an opulent altar of Gozag.
   577 | D        | Found a hazy altar of Hepliaklqana.
   578 | D        | Found a viscous altar of Jiyva.
   579 | D        | Found an ancient bone altar of Kikubaaqudgha.
   580 | D        | Became a worshipper of Cheibriados the Contemplative
   581 | D        | Found a corrupted altar of Lugonu.
   582 | D        | Found a burning altar of Makhleb.
   583 | D        | Found a sparkling altar of Nemelex Xobeh.
   584 | D        | Found an iron altar of Okawaru.
   585 | D        | Found a stormy altar of Qazlal.
   586 | D        | Found a sacrificial altar of Ru.
   587 | D        | Found a deep blue altar of Sif Muna.
   588 | D        | Found a bloodstained altar of Trog.
   589 | D        | Found a hide-covered altar of Uskayaw.
   590 | D        | Found a radiant altar of Vehumet.
   592 | D        | Found a shimmering altar of Xom.
   593 | D        | Found a basalt altar of Yredelemnul.
   594 | D        | Found a glowing silver altar of Zin.
   595 | D        | Found a glowing golden altar of the Shining One.
   641 | D        | Noticed a two-headed ogre
   641 | D        | Noticed an unseen horror
   641 | D        | Noticed an orc warrior
   641 | D        | Noticed a black bear
   641 | D        | Noticed an ice beast
   647 | D        | Slain by a two-headed ogre

Skill      XL: |  1  2  3  4 |
---------------+-------------+-----
Long Blades    | 6 8 9 |  9.6
Fighting       | |  3.0
Armour         | |  2.4
Shields        | |  2.4

Action                   |  1- 3 |  4- 6 || total
-------------------------+-------+-------++-------
Melee: Long sword        |    32 |    19 ||    51
       Scimitar          |       |     4 ||     4
  Use: Potion            |     2 |     3 ||     5
Armor: Scale mail        |     9 |     4 ||    13
       Ring mail         |       |     1 ||     1
Dodge: Dodged            |     7 |     3 ||    10
Block: Shield            |     6 |    12 ||    18
       Rpst.: Long sword |     2 |       ||     2
